 Dungeon Crawl Stone Soup version 0.30.0-13-g156ef70053 (webtiles) character file.

Game seed: 1611665924784823216

589 browni3141 the Firebug (level 7, -3/48 HPs)
             Began as a Demonspawn Fire Elementalist on May 17, 2023.
             Was an Initiate of Gozag.
             Succumbed to Edmund's poison
             ... on level 4 of the Dungeon.
             The game lasted 00:06:45 (5581 turns).

browni3141 the Firebug (DsFE)                       Turns: 5581, Time: 00:06:45

Health: -3/48      AC:  4    Str: 11    XL:     7   Next: 15%
Magic:  2/10       EV: 11    Int: 18    God:    Gozag
Gold:   162        SH: 10    Dex: 13    Spells: 7/10 levels left

rFire   + . .        O - +8 dagger of the Snake Pit {venom, Str+2}
rCold   + . .        N - +0 buckler
rNeg    . . .        a - +0 robe
rPois   +            (no helmet)
rElec   +            (no cloak)
rCorr   +            (no gloves)
SInv    .            (no boots)
Will    .....        L - amulet of reflection
Stlth   ++           (no ring)
HPRegen 0.28/turn    (no ring)
MPRegen 0.12/turn

%: reflection
@: lethally poisoned (-3 -> -22), resistant
A: claws 1, slimy green scales 1, foul stench 1
a: Renounce Religion, Potion Petition, Call Merchant, Bribe Branch


You were on level 4 of the Dungeon.
You worshipped Gozag.
Gozag was aware of your devotion.
You visited 2 branches of the dungeon, and saw 5 of its levels.
You also visited: Sewer.

You collected 239 gold pieces.
You paid 77 gold pieces to Gozag.

Inventory:

Hand Weapons
 M - a +0 short sword
 O - the +8 dagger of the Snake Pit (weapon) {venom, Str+2}
   (You found it on level 3 of the Dungeon)

   Str:       It affects your strength (+2).
 Q - a +0 short sword of speed
Missiles
 A - 4 javelins
 G - 6 poisoned darts
 J - 2 atropa-tipped darts
 T - 3 boomerangs
Armour
 a - a +0 robe (worn)
 z - a +3 leather armour
 D - a +1 helmet
 N - a +0 buckler (worn)
Jewellery
 y - a ring of wizardry
 L - an amulet of reflection (around neck)
 Z - an amulet of the acrobat
Wands
 P - a wand of paralysis (9)
Scrolls
 n - 10 scrolls of identify {unknown}
 p - 2 scrolls of teleportation {unknown}
 q - 2 scrolls of enchant weapon {unknown}
 t - 3 scrolls of magic mapping {unknown}
 B - a scroll of torment {unknown}
 H - a scroll of vulnerability {unknown}
 R - a scroll of immolation {unknown}
 S - a scroll of brand weapon {unknown}
 U - a scroll of poison {unknown}
 V - 3 scrolls of fear {unknown}
 X - 3 scrolls of noise
Potions
 m - a potion of magic
 o - a potion of attraction {unknown}
 r - 2 potions of haste {unknown}
 s - 2 potions of resistance
 E - a potion of might {unknown}
 F - 4 potions of flight
 I - a potion of lignification {unknown}
 K - 2 potions of degeneration {unknown}
 W - 2 potions of mutation
 Y - 2 potions of heal wounds {unknown}


   Skills:
 - Level 1.0 Fighting
 - Level 1.7 Dodging
 - Level 1.7 Stealth
 - Level 4.0 Shields
 - Level 2.0 Spellcasting
 - Level 1.0 Conjurations
 * Level 6.1 Fire Magic


You had 7 spell levels left.
You knew the following spells:

 Your Spells              Type           Power      Damage    Failure   Level
x - Scorch                Fire           46%        2d7       3%          2
z - Foxfire               Conj/Fire      56%        2x1d6     6%          1

Your spell library contained the following spells:

 Spells                   Type           Power      Damage    Failure   Level
 Inner Flame              Hex/Fire       12%        N/A       22%         3
 Volatile Blastmotes      Fire/Tloc      24%        2d12      22%         3
 Sandblast                Erth           2%         2d4       26%         1
 Passwall                 Tmut/Erth      0%         N/A       36%         2
 Flame Wave               Conj/Fire      14%        2d6       50%         4
 Stone Arrow              Conj/Erth      6%         3d7       52%         3


Dungeon Overview and Level Annotations

Branches:
Dungeon (4/15)             Temple (1/1) D:4           Sewer (visited)

Altars:
Ashenzari
Cheibriados
Dithmenos
Gozag
Kikubaaqudgha
Ru
Uskayaw
Vehumet
Xom
Yredelemnul

Annotations:
D:4 Edmund


Innate Abilities, Weirdness & Mutations

You have sharp fingernails.
You are partially covered in slimy green scales. (AC +2)
You may rarely emit foul miasma when damaged in melee.


Message History

You block the adder's attack.
You puncture the adder!
You kill the adder!
The ball python closely misses you. You block the ball python's attack.
The ball python barely misses you. The ball python grabs you.
The ball python constricts you.
You conjure some foxfire!
You block the ball python's attack. The ball python constricts you.
You hit the ball python.
You kill the ball python!
Your foxfire dissipates!
You now have 155 gold pieces (gained 6).
Your foxfire dissipates!
HP restored.
Magic restored.
You now have 162 gold pieces (gained 7).
Found a basalt altar of Yredelemnul.
Edmund says, "Everyone always remembers my brother. 'Who's Edmund?' they ask!"
Edmund is nearby!
Edmund is nearby!
Edmund is nearby!
You conjure some foxfire!
You conjure some foxfire!
The foxfire hits Edmund but does no damage.
Edmund is lightly wounded.
You conjure some foxfire!
The foxfire hits Edmund.
Edmund is lightly wounded.
The foxfire hits Edmund.
Edmund is lightly wounded.
The foxfire hits Edmund.
Edmund is moderately wounded.
You conjure some foxfire!
The foxfire hits Edmund but does no damage.
Edmund is moderately wounded.
The foxfire hits Edmund but does no damage.
Edmund is moderately wounded.
Casting: Foxfire (safe; 6% risk of failure)
Confirm with . or Enter, or press ? or * to list all spells.
Flames lash Edmund.
Edmund is moderately wounded.
Edmund's fire resistance burns away.
The foxfire hits Edmund but does no damage.
Edmund is moderately wounded.
The foxfire hits Edmund but does no damage.
Edmund is moderately wounded.
Casting: Scorch (safe; 3% risk of failure)
Confirm with . or Enter, or press ? or * to list all spells.
Flames lash Edmund but do no damage.
You block Edmund's attack.
Casting: Scorch (safe; 3% risk of failure)
Confirm with . or Enter, or press ? or * to list all spells.
Flames lash Edmund but do no damage.
You block Edmund's attack.
Casting: Scorch (safe; 3% risk of failure)
Confirm with . or Enter, or press ? or * to list all spells.
You don't have enough magic to cast this spell.
You barely miss Edmund.
Edmund is moderately wounded.
Edmund is no longer more vulnerable to fire.
Edmund hits you with a +0 dire flail of venom!
You are poisoned.
You hit Edmund but do no damage.
Edmund is poisoned.
Edmund is moderately wounded.
You feel sick. Edmund barely misses you.
You hit Edmund.
Edmund looks as sick as possible!
Edmund is heavily wounded.
You feel sick.
Edmund hits you with a +0 dire flail of venom.
You are too injured to fight recklessly!
You are too injured to fight recklessly!
You are too injured to fight recklessly!
You are too injured to fight recklessly!
You completely miss Edmund.
Edmund is heavily wounded.
You feel sick.
Edmund hits you with a +0 dire flail of venom!
* * * LOW HITPOINT WARNING * * *
You hit Edmund.
Edmund looks as sick as possible!
Edmund is severely wounded.
You feel sick.
Edmund hits you with a +0 dire flail of venom!
* * * LOW HITPOINT WARNING * * *
You are lethally poisoned!
You hit Edmund but do no damage.
Edmund looks as sick as possible!
Edmund is severely wounded.
* * * LOW HITPOINT WARNING * * *
You feel very sick. Edmund closely misses you.
Unknown command.
You feel better. Edmund hits you but does no damage.
You are poisoned.
You hit Edmund but do no damage.
Edmund looks as sick as possible!
Edmund is almost dead.
You feel sick.
Edmund hits you with a +0 dire flail of venom!
* * * LOW HITPOINT WARNING * * *
You are more poisoned.
Unknown command.
It was a potion of resistance.
You feel protected.
You die...
Your body crumbles into a pile of gold.

#.##.<#......$.#.....
##...@##...........#...
#.....#.........##.#...
#..).###.......##....
#.....#............ ......
#..#...@............##....
#>.#....$.........####...#
#....#.##......@...# #...#
.....##.#.......@..# #.#.#
### .....#
##..........###.#.#...#
.....#
#..........##....#...#
.....
....................# ...
.#.....##.####.....###
......#...##...####.#
...#.............#..##
...#.P.P.##..........#
..._..##.........##


You could see Edmund (extremely poisoned).

Vanquished Creatures
  An orc priest (D:3)
  A hound (D:4)
  3 iguanas (D:4)
  3 orc wizards (D:4)
  Robin (D:3)
  2 gnolls (D:2)
  7 river rats (Sewer)
  14 adders
  3 worms
  5 dart slugs
  13 orcs
  7 bats
  6 endoplasms
  8 giant cockroaches
  11 hobgoblins
  4 jackals
  7 kobolds
  7 quokkas
  13 ball pythons
  10 frilled lizards
  14 goblins
  5 rats
145 creatures vanquished.

Vanquished Creatures (others)
  384 foxfires
384 creatures vanquished.

Grand Total: 529 creatures vanquished

Notes
Turn   | Place    | Note
-------+----------+-------------------------------------------
     0 | D:1      | browni3141 the Demonspawn Fire Elementalist began the quest
                  | for the Orb.
     0 | D:1      | Reached XP level 1. HP: 13/13 MP: 3/3
   267 | D:1      | Reached skill level 3 in Fire Magic
   278 | D:1      | Gained mutation: You are partially covered in slimy green
                  | scales. (AC +2) [demonic ancestry]
   278 | D:1      | Reached XP level 2. HP: 6/21 MP: 0/5
  1061 | D:1      | Learned a level 2 spell: Scorch
  1365 | D:2      | Gained mutation: You have sharp fingernails. [demonic
                  | ancestry]
  1365 | D:2      | Reached XP level 3. HP: 25/26 MP: 0/6
  2054 | D:2      | Reached XP level 4. HP: 32/32 MP: 7/7
  2140 | D:2      | Reached skill level 4 in Fire Magic
  2700 | D:3      | Found a glowing drain.
  2711 | Sewer    | Entered a sewer
  2718 | Sewer    | Gained mutation: You may rarely emit foul miasma when
                  | damaged in melee. [demonic ancestry]
  2718 | Sewer    | Reached XP level 5. HP: 37/37 MP: 2/8
  3514 | Sewer    | Reached skill level 3 in Shields
  4253 | D:3      | Reached XP level 6. HP: 43/43 MP: 4/9
  4295 | D:3      | Found a shimmering altar of Xom.
  4309 | D:3      | Reached skill level 5 in Fire Magic
  4517 | D:3      | Identified the +8 dagger of the Snake Pit {venom, Str+2}
  4640 | D:3      | Noticed Robin
  4661 | D:3      | Killed Robin
  5144 | D:4      | Found a staircase to the Ecumenical Temple.
  5156 | D:4      | Reached XP level 7. HP: 33/48 MP: 2/10
  5166 | Temple   | Entered the Ecumenical Temple
  5356 | Temple   | Became a worshipper of Gozag Ym Sagoz the Greedy
  5426 | D:4      | Reached skill level 6 in Fire Magic
  5477 | D:4      | Noticed Edmund
  5563 | D:4      | Found a basalt altar of Yredelemnul.
  5580 | D:4      | HP: 1/48 [Edmund/+0 dire flail of venom (8)]
  5581 | D:4      | Succumbed to Edmund's poison

Illustrated notes

Levels and vault maps discovered:
D:1:      dpeg_arrival_boxes_within_box, layout_loops_ring, minmay_distorted
D:2:      minmay_thinvault, layout_loops_corners, uniq_crazy_yiuf_cottage
D:3:      layout_rooms, overflow_temple_1_default, cheibrodos_sewer_entry_drain,
          bh_walls_and_bars, uniq_robin
D:4:      kb_forest_paths, layout_cave_pools, yredelemnul_altar_generic,
          minmay_temple_entry_tees, minmay_misc_feat_tiny, uniq_edmund
Temple:   jpeg_temple_clearing

Skill      XL: |  1  2  3  4  5  6  7 |
---------------+----------------------+-----
Fighting       | 1 |  1.0
Fire Magic     | 3 4 5 6 |  6.1
Shields        | 1 2 3 4 |  4.0
Dodging        | |  1.7
Stealth        | |  1.7
Spellcasting   | |  2.0
Conjurations   | |  1.0

Action                     |  1- 3 |  4- 6 |  7- 9 || total
---------------------------+-------+-------+-------++-------
  Melee: Unarmed           |    25 |       |       ||    25
         Short sword       |    34 |    65 |       ||    99
         Punch             |     1 |       |       ||     1
         Dagger            |       |    61 |    23 ||    84
   Cast: Foxfire           |    70 |   145 |    13 ||   228
         Scorch            |       |     2 |     3 ||     5
    Use: Potion            |       |     2 |     2 ||     4
   Stab: Sleeping          |     1 |     1 |       ||     2
 Armour: Robe              |    23 |    36 |     4 ||    63
  Dodge: Dodged            |    40 |    64 |     8 ||   112
  Block: Buckler           |    25 |    86 |    10 ||   121
         Reflection        |     3 |     2 |       ||     5
